 Dungeon Sprint DCSS version 0.31-a0-66-ge618eeaa78 (webtiles) character file.

Game seed: 18410902725329340247

7798 sircluck the Brawler (level 11, -1/118 HPs)
             Began as a Troll Berserker on May 22, 2023.
             Was a High Priest of Trog.
             Slain by an 11-headed hydra (7 damage)
             ... in the Dungeon (Sprint III: "The Ten Rune Challenge").
             The game lasted 00:07:11 (1094 turns).

sircluck the Brawler (Troll Berserker)              Turns: 1094, Time: 00:07:12

Health: -1/118     AC:  4    Str: 31    XL:     11   Next: 1%
Magic:  10/10      EV: 13    Int:  3    God:    Trog [*****.]
Gold:   40         SH:  0    Dex:  9    Spells: 10/10 levels left

rFire   . .          .
                       - Unarmed
rCold   . . .        (no shield)
rNeg    . . .        a - +0 animal skin
rPois   .            (helmet restricted)
rElec   .            (no cloak)
rCorr   .            (gloves unavailable)
SInv    .            (boots unavailable)
Will    .....        i - amulet of regeneration
Stlth   ++           (no ring)
HPRegen 1.99/turn    (no ring)
MPRegen 0.12/turn

%: no teleportation
@: on berserk cooldown, hasted and slowed
A: large, unfitting armour, claws 3, regeneration 1, shaggy fur 1, tough skin 1
a: Renounce Religion, Berserk, Trog's Hand, Brothers in Arms


You were in the Dungeon.
You worshipped Trog.
Trog was extremely pleased with you.
You visited 1 branch You collected 40 gold pieces.

Inventory:

Missiles
 c - 4 javelins (quivered)
Armour
 a - a +0 animal skin (worn)
Jewellery
 i - an amulet of regeneration (around neck)
Wands
 b - a wand of digging (5)
 n - a wand of iceblast (8)
Scrolls
 h - 4 scrolls of identify
Potions
 e - 2 potions of magic
 f - a potion of berserk rage
 k - a potion of enlightenment
Miscellaneous
 m - a tin of tremorstones (2/2)


   Skills:
 + Level 10.2 Fighting
 + Level 11.8 Dodging
 + Level 4.6 Stealth
 + Level 18.7 Unarmed Combat


You had 10 spell levels left.
You didn't know any spells.
Your spell library was empty.

Dungeon Overview and Level Annotations

Branches:
Dungeon (1/1)

Altars:
Cheibriados
Dithmenos
Elyvilon
Fedhas
Gozag
Hepliaklqana
Kikubaaqudgha
Makhleb
Nemelex Xobeh
Okawaru
Qazlal
Ru
Sif Muna
Trog
Uskayaw
Vehumet
Wu Jian
Xom
Yredelemnul
Zin
The Shining One
Jiyva
Lugonu


Innate Abilities, Weirdness & Mutations

You are too large for most types of armour.
You have claws for hands.
Your natural rate of healing is unusually fast.
You are covered in fur. (AC +1)
You have tough skin. (AC +1)


Message History

The nine-headed hydra bites you.
* * * LOW HITPOINT WARNING * * *
You tear one of the nine-headed hydra's heads off!
The eight-headed hydra grows two more!
You claw the ten-headed hydra! x2
The ten-headed hydra is severely wounded.
Unknown command.
You tear one of the ten-headed hydra's heads off!
The nine-headed hydra grows two more!
You scratch the 11-headed hydra.
The 11-headed hydra is severely wounded.
The 11-headed hydra bites you!
* * * LOW HITPOINT WARNING * * *
The 11-headed hydra completely misses you.
The 11-headed hydra misses you. The 11-headed hydra bites you.
* * * LOW HITPOINT WARNING * * *
The 11-headed hydra bites you.
* * * LOW HITPOINT WARNING * * *
The 11-headed hydra bites you!
* * * LOW HITPOINT WARNING * * *
The 11-headed hydra bites you but does no damage. x2
The 11-headed hydra misses you. The 11-headed hydra barely misses you.
The 11-headed hydra bites you!
* * * LOW HITPOINT WARNING * * *
You feel a strong urge to attack something.
Items here: ) [ ††.
You see here a +1 heavy quarterstaff.
You feel your anger nearly subside.
You are no longer berserk.
You are exhausted.
You feel yourself slow down.
You feel yourself speed up.
The 11-headed hydra attacks as you move away!
The 11-headed hydra bites you.
* * * LOW HITPOINT WARNING * * *
The 11-headed hydra closely misses you. The 11-headed hydra bites you!
* * * LOW HITPOINT WARNING * * *
The 11-headed hydra bites you.
* * * LOW HITPOINT WARNING * * *
The 11-headed hydra bites you.
* * * LOW HITPOINT WARNING * * *
The 11-headed hydra bites you!
You die...

▓ ▓▓▓▓▓▓▓▓▓▓▓▓▓▓▓▓▓▓▓▓▓▓▓▓▓▓▓▓▓▓
~F. ♣.....♣♣♣♣~~~........~~~...
~F~≈~♣♣.≈≈≈≈)♣♣'♣≈≈≈≈≈≈≈≈≈≈≈≈♣♣P.
§.≈~~~+.....#.~♣♣♣♣♣♣♣♣♣♣♣♣♣♣♣♣PP
.≈≈≈≈♣♣♣♣♣♣♣#..♣♣ ♣♣♣ ~≈~
###†♣♣♣♣♣♣♣♣♣♣♣♣♣♣ #
♣♣♣♣.##D.##~~~~(≈(.
♣.†.##D##)#~~~~≈...
♣♣.##@##)##'†~~≈≈#
♣..#†##..D#~~.....
♣♣.##.##..#≈..+###
♣♣†##.#####...# ♣.....# ...#
####### ####


You could see a 11-headed hydra and a four-headed hydra.

Vanquished Creatures
  A centaur warrior (D)
  Urug (D)
  A deep elf pyromancer (D)
  A rime drake (D)
  An unseen horror (D)
  A komodo dragon (D)
  2 tyrant leeches (D)
  A queen bee (D)
  A shadow (D)
  2 redbacks (D)
  3 wandering mushrooms (D)
  A spatial vortex (D)
  A swamp drake (D)
  2 centaurs (D)
  An earth elemental (D)
  A necrophage (D)
  A water elemental (D)
  31 killer bees (D)
  An electric eel (D)
  A jelly (D)
  Jessica (D)
  A necromancer (D)
  A wizard (D)
  3 humans (D)
  A kobold demonologist (D)
  A phantom (D)
  2 endoplasms (D)
  A rat (D)
66 creatures vanquished.

Vanquished Creatures (collateral kills)
  Erica (D)
  A lindwurm (D)
  2 cane toads (D)
  A redback (D)
  A killer bee (D)
6 creatures vanquished.

Grand Total: 72 creatures vanquished

Notes
Turn   | Place    | Note
-------+----------+-------------------------------------------
     0 | D        | sircluck the Troll Berserker began the quest for the Orb.
     0 | D        | Reached XP level 1. HP: 22/22 MP: 0/0
    28 | D        | Noticed Jessica
    33 | D        | Killed Jessica
    33 | D        | Reached ** piety under Trog
    34 | D        | Reached skill level 4 in Unarmed Combat
    34 | D        | Reached XP level 2. HP: 31/31 MP: 1/1
    34 | D        | Reached XP level 3. HP: 37/37 MP: 2/2
    81 | D        | Reached skill level 5 in Unarmed Combat
    92 | D        | Reached *** piety under Trog
   128 | D        | Noticed a water elemental
   133 | D        | Killed a water elemental
   134 | D        | Reached skill level 6 in Unarmed Combat
   134 | D        | Reached XP level 4. HP: 49/49 MP: 3/3
   189 | D        | Found a basalt altar of Yredelemnul.
   189 | D        | Found a shadowy altar of Dithmenos.
   189 | D        | Found a sacrificial altar of Ru.
   189 | D        | Noticed a necrophage
   199 | D        | Killed a necrophage
   200 | D        | Reached skill level 5 in Fighting
   200 | D        | Reached skill level 5 in Dodging
   200 | D        | Reached skill level 7 in Unarmed Combat
   200 | D        | Reached XP level 5. HP: 18/58 MP: 4/4
   230 | D        | Found a radiant altar of Vehumet.
   230 | D        | Found a shimmering blue altar of Sif Muna.
   230 | D        | Found an ancient bone altar of Kikubaaqudgha.
   233 | D        | Reached **** piety under Trog
   234 | D        | Reached skill level 8 in Unarmed Combat
   258 | D        | Found a hide-covered altar of Uskayaw.
   258 | D        | Found an iron altar of Okawaru.
   258 | D        | Found a bloodstained altar of Trog.
   258 | D        | Found an ornate altar of the Wu Jian Council.
   258 | D        | Noticed a human
   259 | D        | Noticed a human
   271 | D        | Killed a human
   272 | D        | Reached skill level 1 in Stealth
   272 | D        | Reached skill level 9 in Unarmed Combat
   272 | D        | Reached XP level 6. HP: 68/68 MP: 5/5
   273 | D        | Killed a human
   273 | D        | Reached ***** piety under Trog
   274 | D        | Reached skill level 10 in Unarmed Combat
   274 | D        | Reached XP level 7. HP: 78/78 MP: 6/6
   313 | D        | Found a glowing silver altar of Zin.
   313 | D        | Found a glowing golden altar of the Shining One.
   313 | D        | Found a white marble altar of Elyvilon.
   315 | D        | Noticed a deep elf pyromancer
   321 | D        | Killed a deep elf pyromancer
   322 | D        | Reached skill level 11 in Unarmed Combat
   352 | D        | Noticed a shadow
   353 | D        | Killed a shadow
   354 | D        | Reached XP level 8. HP: 88/88 MP: 7/7
   357 | D        | Received a gift from Trog
   358 | D        | Reached skill level 12 in Unarmed Combat
   364 | D        | Found a blossoming altar of Fedhas.
   364 | D        | Found a stormy altar of Qazlal.
   364 | D        | Found a snail-covered altar of Cheibriados.
   364 | D        | Found a burning altar of Makhleb.
   364 | D        | Found a shimmering altar of Xom.
   365 | D        | Found a hazy altar of Hepliaklqana.
   365 | D        | Found an opulent altar of Gozag.
   365 | D        | Found a sparkling altar of Nemelex Xobeh.
   365 | D        | Found a corrupted altar of Lugonu.
   365 | D        | Found a viscous altar of Jiyva.
   488 | D        | Noticed Erica
   500 | D        | Killed Erica
   501 | D        | Reached skill level 13 in Unarmed Combat
   547 | D        | Noticed a centaur warrior
   555 | D        | Killed a centaur warrior
   556 | D        | Reached skill level 14 in Unarmed Combat
   556 | D        | Reached XP level 9. HP: 49/98 MP: 8/8
   603 | D        | Killed an unseen horror
   604 | D        | Reached skill level 10 in Dodging
   619 | D        | Reached skill level 15 in Unarmed Combat
   670 | D        | Identified the +11 giant club "Ykoishan" {heavy, Fly rCorr}
                  | (Trog gifted it to you in the Dungeon)
   670 | D        | Received a gift from Trog
   684 | D        | Noticed a queen bee
   688 | D        | Received a gift from Trog
   692 | D        | Reached XP level 10. HP: 35/107 MP: 9/9
   710 | D        | Reached skill level 16 in Unarmed Combat
   717 | D        | HP: 5/107 [killer bee (7)]
   742 | D        | Reached ****** piety under Trog
   744 | D        | Received a gift from Trog
   882 | D        | Noticed a cane toad
   882 | D        | Noticed a cane toad
   885 | D        | Killed a cane toad
   886 | D        | Killed a cane toad
   887 | D        | Reached skill level 17 in Unarmed Combat
   933 | D        | Reached skill level 10 in Fighting
   935 | D        | Received a gift from Trog
   982 | D        | Noticed a lindwurm
   986 | D        | Killed a lindwurm
   987 | D        | Reached skill level 18 in Unarmed Combat
  1002 | D        | Noticed Urug
  1022 | D        | Killed Urug
  1022 | D        | Received a gift from Trog
  1023 | D        | Reached XP level 11. HP: 34/118 MP: 10/10
  1072 | D        | Noticed a four-headed hydra
  1072 | D        | Noticed a four-headed hydra
  1094 | D        | Slain by an 11-headed hydra

Illustrated notes

Levels and vault maps discovered:
D:        dungeon_sprint_mu [sprint_mu_entry_cave, sprint_mu_temple_rooms,
          sprint_mu_d1_horrors, sprint_mu_d2_genie, sprint_mu_d3_branching,
          sprint_mu_orc_legion, sprint_mu_elf_gauntlet, sprint_mu_hive_nellie,
          sprint_mu_lair_fedhas, sprint_mu_vaults_butterflies,
          sprint_mu_slime_circle, sprint_mu_swamp_cave, sprint_mu_shoals_kraken,
          sprint_mu_blade_basic, sprint_mu_crypt_fortress,
          sprint_mu_tomb_spiral, sprint_mu_vestibule_basic,
          sprint_mu_gehenna_hellfire, sprint_mu_dis_giant,
          sprint_mu_tartarus_statrot, sprint_mu_cocytus_islands, sprint_mu_zot1]

Skill      XL: |  1  2  3  4  5  6  7  8  9 10 |
---------------+-------------------------------+-----
Fighting       | 3 4 5 6 7 8 9 10 | 10.2
Dodging        | 3 4 5 6 7 8 9 10 11 | 11.8
Unarmed Combat | 4 6 7 9 10 11 14 15 18 | 18.7
Stealth        | 1 2 3 4 |  4.6

Action                     |  1- 3 |  4- 6 |  7- 9 | 10-12 || total
---------------------------+-------+-------+-------+-------++-------
  Melee: Unarmed           |    27 |    32 |    84 |    95 ||   238
         Punch             |       |       |     6 |     9 ||    15
  Throw: Javelin           |       |       |       |     2 ||     2
 Invoke: Berserk           |     1 |     1 |     1 |     1 ||     4
         Brothers in Arms  |       |       |     3 |     3 ||     6
    Use: Potion            |       |       |       |     5 ||     5
         Scroll            |       |       |       |     3 ||     3
   Stab: Sleeping          |     1 |     1 |     1 |       ||     3
 Armour: Animal skin       |     4 |    10 |    21 |    11 ||    46
  Dodge: Dodged            |    12 |    13 |    41 |    49 ||   115

Table legend: (Time is in decaauts)
 A = Elapsed time spent in this place.
 B = Non-inter-level travel time spent in this place.
 C = Inter-level travel time spent in this place.
 D = Time resting spent in this place.
 E = Time spent auto-exploring this place.
 F = Levels seen in this place.
 G = Mean time per level.
                   A        B        C        D        E       F      G
               +--------+--------+--------+--------+--------+-----+--------+
         Total |   1073 |   1052 |     21 |    386 |     52 |   1 | 1073.0 |
       Dungeon |   1073 |   1052 |     21 |    386 |     52 |   1 | 1073.0 |
               +--------+--------+--------+--------+--------+-----+--------+

Top non-repeatable levels by time:
       D: 1073 daAuts
